Map: Wieczny Sen ER

Players

fNRI

  • Race: Terran Terran
  • League: Diamond
  • Spawn Location: 7:00

Buxman - Winner!

  • Race: Terran Terran
  • League: Platinum
  • Spawn Location: 1:00

VOD

Have the link to the VOD?

Description

Time

  • Played on: Aug. 4, 2020, 5:42 p.m.
  • Length: 8:00
Show
View Real Time Build Order
Export as new Build Order

fNRI Terran 

Build Orders: Liberator Opening 

Get SALT Encoding   

  12  0:00  SCV  
  13  0:12  SCV  
  14  0:18  Supply Depot  
  14  0:24  SCV  
  15  0:31  Refinery  
  15  0:39  SCV  
  16  0:51  SCV  
  16  0:52  Barracks  
  17  1:01  Refinery  
  17  1:04  SCV  
  18  1:16  SCV  
  19  1:28  SCV  
  20  1:40  Supply Depot  
  20  1:41  SCV, Factory  
  20  1:43  Marine  
  22  1:53  SCV  
  23  2:02  Reaper  
  23  2:07  Orbital Command  
  24  2:26  Supply Depot  
  24  2:28  Factory Tech Lab  
  24  2:31  Starport  
  24  2:34  SCV  
  25  2:48  SCV  
  26  2:52  Siege Tank  
  29  2:58  Supply Depot  
  29  3:04  SCV  
  30  3:16  SCV  
  30  3:22  Barracks, Liberator  
  30  3:24  Siege Tank  
  36  3:28  SCV  
  37  3:46  SCV  
  38  3:50  Armory  
  38  3:53  Supply Depot  
  41  4:02  Siege Tank  
  41  4:08  Viking  
  43  4:20  Command Center  
  43  4:24  Armory  
  43  4:28  Barracks  
  32  5:09  Medivac  
  13  6:56  Orbital Command  
  10  7:19  Marine  
  10  7:20  Marine  
  12  7:37  Marine  
  12  7:38  Marine  
Show
View Real Time Build Order
Export as new Build Order

Buxman Terran - Winner!

Build Orders:  

Get SALT Encoding   

  12  0:00  SCV  
  13  0:13  SCV  
  14  0:17  Supply Depot  
  14  0:25  SCV  
  15  0:29  Refinery  
  15  0:44  Barracks  
  15  0:45  SCV  
  16  0:57  SCV  
  17  1:09  SCV, Refinery  
  18  1:21  SCV  
  19  1:34  SCV  
  20  1:44  Marine  
  20  1:46  Supply Depot  
  21  1:48  Orbital Command  
  21  1:51  Factory  
  21  2:02  Marine  
  22  2:15  SCV  
  22  2:19  Marine  
  22  2:20  Engineering Bay  
  24  2:23  Engineering Bay  
  24  2:35  Factory Tech Lab  
  24  2:43  Barracks Tech Lab  
  24  2:46  SCV, Starport  
  25  2:58  SCV  
  25  3:00  Siege Tank  
  29  3:06  Terran Infantry Weapons Level 1  
  29  3:23  Marine  
  30  3:33  Medivac, Supply Depot  
  32  3:51  Stimpack, Command Center  
  32  4:02  Siege Tank  
  35  4:09  Marine  
  36  4:15  Terran Infantry Armor Level 1  
  36  4:27  Marine  
  36  4:30  Starport Reactor  
  37  4:35  Barracks  
  30  5:29  Siege Tank  
  30  5:33  Marine  
  34  5:44  Starport Reactor  
  34  5:51  Marine  
  34  6:09  Marine  
  31  6:27  Marine  
  31  6:45  Marine  
  24  7:02  Marine  
  10  7:20  SCV, Marine  
  11  7:32  SCV  
  12  7:44  SCV  
Tags
 
Add a new tag
Caveats
  • Supply blocks, unpowered buildings, or Contaminate may cause inaccurate times.
  • Supply counts are checked every 10 seconds.